AoeStats
← Trickshot

Arabia

508425031Analyzed
1v1 RM · 11d ago on Sep 22, 2026· 32m 17s· 2 players
Game mode
Random Map
Map size
Tiny (2 player)
Population
200
Speed
Normal
Resources
Standard
Victory
Conquest
Starting age
Dark Age
Ending age
Imperial Age
RankedLock teamsTeams togetherTeam positionsShared explorationLock speedFull tech treeHidden civsTurbo modeCheats
Victory
Defeat
🇫🇷 Vikings · France
1109
+18
🇩🇪 Sicilians · Germany
1150
-18
Locsis
5:48 Loom
10:06 Feudal Age
10:40 Double-Bit Axe
12:29 Horse Collar
13:25 Man-at-Arms
22:40 Castle Age
21:08 Scale Mail Armor
21:49 Gold Mining
22:26 Forging
22:21 Arson
23:09 Gambesons
22:45 Long Swordsman
23:35 Squires
23:37 Stone Mining
24:14 Bow Saw
26:09 Chain Mail Armor
28:31 Town Watch
29:24 Iron Casting
Trickshot
7:42 Loom
10:11 Feudal Age
10:47 Double-Bit Axe
14:37 Wheelbarrow
13:52 Horse Collar
23:53 Castle Age
23:35 Fletching
23:47 Gold Mining
25:16 Bodkin Arrow
25:38 Bow Saw
25:55 Heavy Plow
29:36 Gambesons
29:52 Squires
30:57 Forging
Connection lost

Rejoining the realm…

Still unreachable

The connection could not be restored.

Session expired

The server has moved on; the page needs a fresh start.